[Event "Titled Tuesday Blitz September 21 2021"]
[White "Assaubayeva, Bibisara"]
[Black "Perez Ponsa, Federico"]
[WhiteFideId "13708694"]
[BlackFideId "117927"]
[WhiteElo "2232"]
[BlackElo "2672"]
[Result "1/2-1/2"]
[Round "05"]
[TimeControl "180+1"]
[Date "2021.09.21"]
[WhiteClock "0:00:44"]
[BlackClock "0:00:13"]

1. d4 Nf6 2. c4 e6 3. Nf3 d5 4. Nc3 c5 5. cxd5 Nxd5 6. e4 Nxc3 7. bxc3 cxd4 8. cxd4 Bb4+ 9. Bd2 Bxd2+ 10. Qxd2 O-O 11. Bc4 Nd7 12. O-O b6 13. Rfe1 Bb7 14. Re3 Rc8 15. Bb3 Nf6 16. Rae1 h6 17. h3 Qc7 18. Qe2 Qf4 19. g3 Qc7 20. Rd1 Rfd8 21. Ne5 b5 22. Ng4 Nxg4 23. hxg4 Qb6 24. d5 e5 25. Kg2 a5 26. a3 b4 27. axb4 axb4 28. g5 Rc3 29. gxh6 Rxe3 30. fxe3 Qxh6 31. Rh1 Qg6 32. Qc4 Ba6 33. Qxb4 Bd3 34. Rh4 Qf6 35. Qe1 Rb8 36. Qd1 g5 37. Rg4 Rxb3 38. Qxb3 Be2 39. Rf4 gxf4 40. exf4 Kg7 41. Qb2 Bd3 42. Kf3 exf4 43. Qxf6+ Kxf6 44. Kxf4 Bb1 45. g4 Bc2 46. g5+ Kg6 47. e5 Bf5 48. e6 fxe6 49. dxe6 Bxe6 50. Ke5 Kxg5 1/2-1/2


[Site "https://www.chess.com"]

[Event "Titled Tuesday Blitz September 21 2021"]
[White "Azahari, Aliuddin"]
[Black "Nazaretyan, Tigran"]
[WhiteFideId "10500324"]
[BlackFideId "24162345"]
[WhiteElo "2151"]
[BlackElo "2212"]
[Result "0-1"]
[Round "05"]
[TimeControl "180+1"]
[Date "2021.09.21"]
[WhiteClock "0:00:07"]
[BlackClock "0:01:12"]

1. e4 c5 2. Nf3 Nc6 3. Bb5 g6 4. O-O Bg7 5. Re1 Nf6 6. Bxc6 dxc6 7. d3 Bg4 8. Nbd2 e5 9. h3 Bxf3 10. Nxf3 Nh5 11. a4 a5 12. Be3 b6 13. Nd2 O-O 14. Nc4 Rb8 15. Qd2 Rb7 16. g4 Nf6 17. Nxe5 Nxe4 18. dxe4 Bxe5 19. Qxd8 Rxd8 20. Rab1 Rbd7 21. b3 Bc3 22. Rf1 h5 23. Kg2 Kg7 24. Kf3 Bd2 25. gxh5 Bxe3 26. Kxe3 gxh5 27. Rg1+ Kf6 28. h4 Rd2 29. Rbc1 c4 30. Rg5 cxb3 31. cxb3 R8d3+ 32. Kf4 Rxf2# 0-1


[Site "https://www.chess.com"]

[Event "Titled Tuesday Blitz September 21 2021"]
[White "Babazada, Khazar"]
[Black "Quparadze, Giga"]
[WhiteFideId "13413554"]
[BlackFideId "13602250"]
[WhiteElo "2315"]
[BlackElo "2658"]
[Result "1-0"]
[Round "05"]
[TimeControl "180+1"]
[Date "2021.09.21"]
[WhiteClock "0:00:32"]
[BlackClock "0:00:09"]

1. e4 c5 2. Nc3 e6 3. g3 a6 4. Bg2 b5 5. Nge2 Bb7 6. O-O Nc6 7. a4 b4 8. Nb1 e5 9. d3 Nf6 10. Bg5 Be7 11. Nd2 O-O 12. Nc4 d5 13. exd5 Nxd5 14. Bxe7 Ndxe7 15. Nxe5 Qc7 16. Nxc6 Nxc6 17. Qd2 Ne5 18. Nf4 Bxg2 19. Kxg2 Qc6+ 20. f3 Rae8 21. Rae1 g5 22. Nh5 h6 23. h3 f5 24. d4 cxd4 25. Qxd4 Qxc2+ 26. Rf2 Qd3 27. Qb6 Kh7 28. Nf6+ Rxf6 29. Qxf6 Qd4 30. Qxf5+ Kg7 31. Re4 Qd6 32. Rfe2 Nxf3 33. Rxe8 Nh4+ 34. gxh4 1-0


[Site "https://www.chess.com"]

[Event "Titled Tuesday Blitz September 21 2021"]
[White "Baches Garcia, Guillermo"]
[Black "Williams, Simon K"]
[WhiteFideId "2209764"]
[BlackFideId "404454"]
[WhiteElo "2461"]
[BlackElo "2468"]
[Result "1-0"]
[Round "05"]
[TimeControl "180+1"]
[Date "2021.09.21"]
[WhiteClock "0:00:15"]
[BlackClock "0:00:08"]

1. e4 c5 2. Nf3 d6 3. d4 cxd4 4. Qxd4 Nc6 5. Bb5 Bd7 6. Qd3 Nf6 7. c4 Rc8 8. Nc3 Ne5 9. Nxe5 dxe5 10. Be3 a6 11. Bxd7+ Qxd7 12. Nd5 e6 13. Nxf6+ gxf6 14. Qe2 Bb4+ 15. Kf1 Qc6 16. Qf3 Qxc4+ 17. Kg1 Ke7 18. h4 h5 19. Kh2 Qb5 20. Rhd1 Rc2 21. Rd3 Rhc8 22. Rad1 R8c7 23. Bg5 fxg5 24. hxg5 Kf8 25. Rd8+ Qe8 26. Qf6 1-0


[Site "https://www.chess.com"]

[Event "Titled Tuesday Blitz September 21 2021"]
[White "Bacrot, Etienne"]
[Black "Mezentsev, Ivan"]
[WhiteFideId "605506"]
[BlackFideId "13706195"]
[WhiteElo "2673"]
[BlackElo "2295"]
[Result "1-0"]
[Round "05"]
[TimeControl "180+1"]
[Date "2021.09.21"]
[WhiteClock "0:00:16"]
[BlackClock "0:00:02"]

1. d4 Nf6 2. Nf3 g6 3. b4 Bg7 4. Bb2 O-O 5. Nbd2 d5 6. e3 a5 7. b5 Nbd7 8. c4 c6 9. a4 cxb5 10. axb5 b6 11. Be2 Bb7 12. O-O dxc4 13. Nxc4 Ne4 14. Qd3 Nd6 15. Nce5 Nxe5 16. Nxe5 Bxe5 17. dxe5 Ne4 18. Qd4 Nd2 19. Rfd1 Nb3 20. Qa4 Nxa1 21. Rxd8 Rfxd8 22. Bxa1 Rd2 23. Bf1 Rc8 24. e6 Rc1 25. Qf4 f6 26. h4 Rdd1 27. Kh2 Rxf1 28. Bxf6 Rh1+ 29. Kg3 Rhg1 30. e4 Rc3+ 31. Bxc3 Rxg2+ 32. Kxg2 Bxe4+ 33. Qxe4 1-0


[Site "https://www.chess.com"]

[Event "Titled Tuesday Blitz September 21 2021"]
[White "Begunov, Konstantin"]
[Black "Anuj Shrivatri"]
[WhiteFideId "4118510"]
[BlackFideId "35070924"]
[WhiteElo "2262"]
[BlackElo "2038"]
[Result "1-0"]
[Round "05"]
[TimeControl "180+1"]
[Date "2021.09.21"]
[WhiteClock "0:02:09"]
[BlackClock "0:01:32"]

1. d4 Nf6 2. c4 g6 3. f3 Bg7 4. e4 d6 5. Nc3 O-O 6. Be3 c5 7. dxc5 dxc5 8. Qxd8 Rxd8 9. Bxc5 Nc6 10. Nd5 Nd7 11. Nxe7+ Nxe7 12. Bxe7 Bxb2 13. Bxd8 Bc3+ 14. Kd1 Bxa1 15. Ne2 Nb6 16. Nf4 Bd7 17. Bc7 Rc8 18. Bxb6 axb6 19. Nd5 Rd8 20. Kc2 Bc3 21. Kxc3 1-0


[Site "https://www.chess.com"]

[Event "Titled Tuesday Blitz September 21 2021"]
[White "Bendayan Claros, Aaron"]
[Black "Grandelius, Nils"]
[WhiteFideId "3803392"]
[BlackFideId "1710400"]
[WhiteElo "2133"]
[BlackElo "2651"]
[Result "0-1"]
[Round "05"]
[TimeControl "180+1"]
[Date "2021.09.21"]
[WhiteClock "0:00:01"]
[BlackClock "0:01:45"]

1. d4 d5 2. c4 e6 3. Nc3 c5 4. cxd5 exd5 5. Nf3 Nf6 6. g3 Nc6 7. Bg2 cxd4 8. Nxd4 Bc5 9. Nxc6 bxc6 10. O-O O-O 11. Na4 Bd6 12. Be3 Re8 13. Rc1 Bd7 14. Bc5 Be5 15. b3 h5 16. h4 Ng4 17. e3 Bf6 18. Bd4 Bxh4 19. Nc5 Bf5 20. Bf3 Bg5 21. Kg2 g6 22. Nd3 Qd7 23. Rh1 Be4 24. Bxe4 dxe4 25. Nc5 Qf5 26. Nb7 Qxf2+ 27. Kh3 Qf5 28. Kg2 Nf2 29. Rf1 Nxd1 30. Rxf5 Nxe3+ 31. Bxe3 Bxe3 0-1


[Site "https://www.chess.com"]

[Event "Titled Tuesday Blitz September 21 2021"]
[White "Beulen, Marcel"]
[Black "Silva, Miguel Antonio Neto"]
[WhiteFideId "1001450"]
[BlackFideId "1911929"]
[WhiteElo "2406"]
[BlackElo "2283"]
[Result "0-1"]
[Round "05"]
[TimeControl "180+1"]
[Date "2021.09.21"]
[WhiteClock "0:00:01"]
[BlackClock "0:00:44"]

1. e4 c6 2. Nc3 d5 3. f4 dxe4 4. Nxe4 Nf6 5. Nf2 e6 6. Nf3 b6 7. b3 Bb7 8. Bb2 Be7 9. g3 c5 10. Bg2 O-O 11. O-O Qc8 12. Qe2 Nc6 13. d3 Rd8 14. Rae1 Nd4 15. Nxd4 cxd4 16. Ne4 Bc6 17. h3 Qb7 18. Qf2 Rac8 19. Kh2 Nd5 20. Qxd4 Bf6 21. Nxf6+ Nxf6 22. Qf2 Bxg2 23. Bxf6 gxf6 24. Qxg2 Qxg2+ 25. Kxg2 Rxc2+ 26. Rf2 Rc3 27. Re3 Rdxd3 28. Rxd3 Rxd3 29. Rc2 Kg7 30. Kf2 Kg6 31. Re2 Kf5 32. Rc2 h5 33. Re2 h4 34. gxh4 Rxh3 35. Re3 Rh2+ 36. Kg3 Rxa2 37. Rc3 Rb2 38. h5 a5 39. Kf3 b5 0-1


[Site "https://www.chess.com"]

[Event "Titled Tuesday Blitz September 21 2021"]
[White "Bluebaum, Matthias"]
[Black "Khanin, Semen"]
[WhiteFideId "24651516"]
[BlackFideId "4111990"]
[WhiteElo "2681"]
[BlackElo "2449"]
[Result "1-0"]
[Round "05"]
[TimeControl "180+1"]
[Date "2021.09.21"]
[WhiteClock "0:00:15"]
[BlackClock "0:00:10"]

1. d4 Nf6 2. Nf3 e6 3. Bf4 d5 4. e3 c5 5. c3 Nc6 6. Nbd2 Be7 7. Ne5 Nxe5 8. Bxe5 O-O 9. Bd3 Nd7 10. Bg3 b6 11. f4 Bb7 12. O-O f5 13. a4 a6 14. Qe2 c4 15. Bc2 b5 16. b4 a5 17. axb5 axb4 18. cxb4 Bxb4 19. Rfb1 Rxa1 20. Rxa1 Qb6 21. Qd1 Ra8 22. Nf3 Rxa1 23. Qxa1 Qxb5 24. Qb1 Qa5 25. Be1 Bxe1 26. Qxb7 Qa1 27. g3 Nf8 28. Ng5 Bb4+ 29. Kg2 Qb2 30. Kh3 h6 31. Nxe6 Qxc2 32. Qxg7# 1-0


[Site "https://www.chess.com"]

[Event "Titled Tuesday Blitz September 21 2021"]
[White "Bortnyk, Olexandr"]
[Black "Ozen, Bahadir"]
[WhiteFideId "14120828"]
[BlackFideId "6337058"]
[WhiteElo "2723"]
[BlackElo "2503"]
[Result "1-0"]
[Round "05"]
[TimeControl "180+1"]
[Date "2021.09.21"]
[WhiteClock "0:01:05"]
[BlackClock "0:00:04"]

1. d4 Nf6 2. Nc3 d5 3. Bf4 a6 4. e3 e6 5. Nf3 Bd6 6. Bd3 O-O 7. O-O c5 8. dxc5 Bxf4 9. exf4 Qc7 10. Qd2 Qxc5 11. Rfe1 Nc6 12. a3 b6 13. Ne2 Bb7 14. Ned4 Nxd4 15. Nxd4 Ne4 16. Qe3 Rac8 17. c3 Rfe8 18. Qh3 Qc7 19. f3 Nf6 20. Qh4 h6 21. Re3 e5 22. fxe5 Rxe5 23. Rae1 Rxe3 24. Rxe3 Re8 25. Rxe8+ Nxe8 26. Nf5 Qc5+ 27. Kf1 Bc8 28. Qd8 Kf8 29. Nxg7 Kxg7 30. Qxe8 Be6 31. Qa4 Qe3 32. Qd4+ Qxd4 33. cxd4 a5 34. Kf2 f5 35. Kg3 Kf6 36. Kf4 Bd7 37. g4 fxg4 38. fxg4 Bc8 39. Bf5 Ba6 40. h4 Bd3 1-0


[Site "https://www.chess.com"]

[Event "Titled Tuesday Blitz September 21 2021"]
[White "Bouget, Alexandre"]
[Black "Costachi, Mihnea"]
[WhiteFideId "681318"]
[BlackFideId "1217518"]
[WhiteElo "2178"]
[BlackElo "2482"]
[Result "0-1"]
[Round "05"]
[TimeControl "180+1"]
[Date "2021.09.21"]
[WhiteClock "0:00:41"]
[BlackClock "0:01:50"]

1. d4 g6 2. c4 Bg7 3. e4 c5 4. Nf3 Nc6 5. d5 Nd4 6. Nc3 d6 7. h3 Nxf3+ 8. Qxf3 Nf6 9. Bd3 O-O 10. O-O a6 11. Bg5 Rb8 12. Qe3 e5 13. a4 b6 14. Bh6 Ne8 15. Bxg7 Nxg7 16. f4 f6 17. Rf2 Nh5 18. Ne2 Rb7 19. Raf1 Nxf4 20. Nxf4 exf4 21. Rxf4 Rbf7 22. R1f3 Qe7 23. Qe1 Qe5 24. b4 g5 25. Rf5 Bxf5 0-1


[Site "https://www.chess.com"]

[Event "Titled Tuesday Blitz September 21 2021"]
[White "Chernobay, Artem"]
[Black "Boidiya, Sidi"]
[WhiteFideId "4167406"]
[BlackFideId "19600100"]
[WhiteElo "2480"]
[BlackElo "2113"]
[Result "1-0"]
[Round "05"]
[TimeControl "180+1"]
[Date "2021.09.21"]
[WhiteClock "0:00:03"]
[BlackClock "0:01:00"]

1. d4 d5 2. c4 e5 3. dxe5 d4 4. Nf3 Nc6 5. a3 Bg4 6. g3 Qd7 7. Bg2 O-O-O 8. O-O Nge7 9. Bg5 Bh3 10. b4 Bxg2 11. Kxg2 Qe6 12. Nbd2 Nxe5 13. Nxe5 Qxe5 14. Nf3 Qe4 15. Qd3 Qxd3 16. exd3 f6 17. Bd2 Ng6 18. h4 h5 19. Rfe1 c5 20. Rab1 b6 21. a4 Bd6 22. a5 Rhe8 23. axb6 axb6 24. bxc5 Bxc5 25. Red1 Kb7 26. Bb4 Kc6 27. Bxc5 bxc5 28. Rb5 Rb8 29. Rdb1 Rxb5 30. cxb5+ Kb6 31. Nd2 Ne5 32. Rb3 g5 33. hxg5 fxg5 34. f4 gxf4 35. gxf4 Nxd3 36. Nc4+ Kb7 37. Nd6+ Kb6 38. Nxe8 c4 39. Rxd3 cxd3 40. Kf3 Kxb5 41. f5 Kc6 42. Nf6 Kd6 43. Kf4 h4 44. Ne4+ Ke7 45. Kg4 d2 46. Nxd2 Kf6 47. Ne4+ Ke5 48. f6 Ke6 49. Kxh4 d3 50. Kg5 Ke5 51. Nd2 Kd4 52. f7 Kc3 53. Nf3 Kc2 54. Ne1+ Kc3 55. Nxd3 Kd4 56. f8=Q Kxd3 57. Qd6+ 1-0


[Site "https://www.chess.com"]

[Event "Titled Tuesday Blitz September 21 2021"]
[White "Corrales Jimenez, Fidel"]
[Black "Krivonosov, Oleg"]
[WhiteFideId "3506690"]
[BlackFideId "11600349"]
[WhiteElo "2555"]
[BlackElo "2469"]
[Result "1/2-1/2"]
[Round "05"]
[TimeControl "180+1"]
[Date "2021.09.21"]
[WhiteClock "0:01:41"]
[BlackClock "0:02:22"]

1. e4 e5 2. Nf3 Nc6 3. Bb5 Nf6 4. d3 Bc5 5. O-O Nd4 6. Nxd4 Bxd4 7. c3 Bb6 8. Nd2 c6 9. Ba4 O-O 10. Nf3 d6 11. h3 h6 12. Re1 Re8 13. b4 Nh7 14. d4 Qf6 15. d5 Bd7 16. c4 a5 17. dxc6 Bxc6 1/2-1/2


[Site "https://www.chess.com"]

[Event "Titled Tuesday Blitz September 21 2021"]
[White "Coto Mederos, Michel"]
[Black "Macovei, Andrei"]
[WhiteFideId "3508528"]
[BlackFideId "13904680"]
[WhiteElo "2427"]
[BlackElo "2389"]
[Result "0-1"]
[Round "05"]
[TimeControl "180+1"]
[Date "2021.09.21"]
[WhiteClock "0:00:11"]
[BlackClock "0:00:35"]

1. d4 Nf6 2. c4 e6 3. Nc3 Bb4 4. e3 O-O 5. Bd3 d5 6. Ne2 c5 7. a3 Bxc3+ 8. bxc3 dxc4 9. Bxc4 Qc7 10. Bd3 b6 11. e4 Ba6 12. f3 Rd8 13. O-O Bxd3 14. Qxd3 Nc6 15. Bg5 Qe7 16. Qb5 Qd7 17. dxc5 Ne5 18. c6 Nxc6 19. e5 a6 20. Qxb6 Nxe5 21. Bxf6 gxf6 22. Qe3 Qd3 23. Qf2 Rab8 24. Ra2 Qc4 25. Rc2 Kh8 26. Nd4 Nc6 27. Nxc6 Qxc6 28. Qh4 Kg7 29. Qg4+ Kf8 30. Qh4 Ke7 31. c4 Qc5+ 32. Kh1 Rb3 33. Qxh7 Rxa3 34. Re1 Rad3 35. Rce2 R8d6 36. Rxe6+ Rxe6 37. Rxe6+ Kxe6 38. Qxd3 a5 39. Qe4+ Kd6 40. Qf4+ Qe5 41. Qd2+ Kc6 42. h4 a4 43. Qb4 Qa1+ 44. Kh2 a3 45. Qb5+ Kd6 46. Qd5+ Ke7 47. c5 Qe5+ 48. Qxe5+ fxe5 49. h5 a2 50. h6 a1=Q 51. h7 e4 52. fxe4 Qh8 53. Kh3 Qxh7+ 0-1


[Site "https://www.chess.com"]

[Event "Titled Tuesday Blitz September 21 2021"]
[White "De Silva, L M S T"]
[Black "Rakhmanov, Aleksandr"]
[WhiteFideId "9953698"]
[BlackFideId "4173708"]
[WhiteElo "1621"]
[BlackElo "2554"]
[Result "0-1"]
[Round "05"]
[TimeControl "180+1"]
[Date "2021.09.21"]
[WhiteClock "0:00:05"]
[BlackClock "0:00:24"]

1. e4 c5 2. Nf3 Nf6 3. e5 Nd5 4. Nc3 Nxc3 5. dxc3 Nc6 6. Bb5 Qb6 7. Bxc6 Qxc6 8. O-O b6 9. Qe2 Bb7 10. Bf4 g5 11. Bg3 h5 12. h4 Rg8 13. hxg5 Rxg5 14. Nh4 Rg4 15. Qf3 Bh6 16. Nf5 Bf8 17. Qxc6 Bxc6 18. Ne3 Rg6 19. Bh2 Bh6 20. f4 O-O-O 21. Kf2 Rdg8 22. Rg1 h4 23. Rae1 f6 24. Re2 fxe5 25. fxe5 Bxe3+ 26. Kxe3 Bxg2 27. Rf2 h3 28. c4 Kb7 29. b3 e6 30. Rf7 Bc6 31. Rxg6 Rxg6 32. Rf2 Rg4 33. Rf4 Rg2 34. Rf2 Rg4 35. Rf4 Rg5 36. Rf2 Rg8 37. a3 a6 38. a4 Kc8 39. Rf6 Kb7 40. Rf2 b5 41. axb5 axb5 42. cxb5 Bxb5 43. c4 Bc6 44. Rf6 Ra8 45. Kd3 Ra2 46. Bg3 h2 0-1


[Site "https://www.chess.com"]

[Event "Titled Tuesday Blitz September 21 2021"]
[White "Deac, Bogdan-Daniel"]
[Black "Holt, Conrad"]
[WhiteFideId "1226380"]
[BlackFideId "2034387"]
[WhiteElo "2605"]
[BlackElo "2586"]
[Result "1-0"]
[Round "05"]
[TimeControl "180+1"]
[Date "2021.09.21"]
[WhiteClock "0:00:04"]
[BlackClock "0:00:06"]

1. d4 d5 2. Nf3 Nf6 3. c4 c6 4. Qb3 dxc4 5. Qxc4 Bf5 6. g3 Nbd7 7. Bg2 e6 8. O-O Bd6 9. e3 O-O 10. Rd1 Qe7 11. Nc3 e5 12. h3 e4 13. Nd2 h5 14. b3 Nb6 15. Qf1 Nbd5 16. Bb2 h4 17. g4 Bg6 18. g5 Nh7 19. Ncxe4 Bc7 20. Qe2 Nxg5 21. Nxg5 Qxg5 22. Qg4 Qh6 23. Nf3 Bh5 24. Qf5 Rfe8 25. Re1 Bg6 26. Qg5 Qxg5 27. Nxg5 Nb4 28. Red1 Bd8 29. Nf3 Bf6 30. Ne5 Bxe5 31. dxe5 Nd3 32. Bc3 Nxe5 33. Rd4 f6 34. Rxh4 Rad8 35. Rd4 b6 36. Rxd8 Rxd8 37. Bxe5 fxe5 38. Bxc6 Rd2 39. a4 Bf7 40. b4 Rb2 41. b5 Bb3 42. a5 Bc4 43. axb6 axb6 44. Ra6 Bxb5 45. Rxb6 Rb1+ 46. Kh2 Bd3 47. Bd5+ Kh7 48. Re6 Rb2 49. Kg3 Rb5 50. Rxe5 Kh6 51. f4 g6 52. h4 Rb1 53. Bf3 Rg1+ 54. Kf2 Rf1+ 55. Kg2 Re1 56. h5 gxh5 57. Rxh5+ Kg7 58. Re5 Kf6 59. Kf2 Rf1+ 60. Kg2 Re1 61. e4 Rb1 62. Kf2 Rb3 63. Ra5 Bc2 64. Ra6+ Ke7 65. e5 Bf5 66. Ra7+ Ke6 67. Ra6+ Ke7 68. Bd5 Rb2+ 69. Kg3 Rd2 70. Ra7+ Ke8 71. Bf7+ Kf8 72. Kh4 Rg2 73. Bh5 Rg1 74. Rf7+ Kg8 75. Rxf5 Kg7 76. Rg5+ Kh6 77. Rxg1 1-0


[Site "https://www.chess.com"]

[Event "Titled Tuesday Blitz September 21 2021"]
[White "Djokic, Mihailo"]
[Black "Ovetchkin, Roman"]
[WhiteFideId "976440"]
[BlackFideId "4119991"]
[WhiteElo "2008"]
[BlackElo "2432"]
[Result "1-0"]
[Round "05"]
[TimeControl "180+1"]
[Date "2021.09.21"]
[WhiteClock "0:00:03"]
[BlackClock "0:00:15"]

1. e4 c6 2. d4 d5 3. e5 Bf5 4. h4 h6 5. g4 Bd7 6. Nc3 h5 7. g5 Bf5 8. Bd3 Qc8 9. Nge2 g6 10. Ng3 Bxd3 11. Qxd3 e6 12. Nce2 c5 13. c3 Ne7 14. Be3 Nd7 15. f4 c4 16. Qc2 Nf5 17. Nxf5 exf5 18. Kf2 Be7 19. b3 b5 20. a4 a6 21. b4 Nf8 22. Ra2 Ne6 23. Rha1 Rb8 24. axb5 axb5 25. Ra7 Qd8 26. R1a5 O-O 27. Ng3 Qe8 28. Nxf5 gxf5 29. Qxf5 Bd8 30. Ra3 Bb6 31. Qf6 Bxa7 32. Rxa7 Ra8 33. Re7 Ra2+ 34. Kf3 Qc8 35. f5 Ng7 36. e6 Nxe6 37. g6 fxg6 38. Qxg6+ 1-0


[Site "https://www.chess.com"]

[Event "Titled Tuesday Blitz September 21 2021"]
[White "Dmitrenko, Viktor"]
[Black "Lysyj, Igor"]
[WhiteFideId "14110270"]
[BlackFideId "4150120"]
[WhiteElo "2294"]
[BlackElo "2660"]
[Result "1/2-1/2"]
[Round "05"]
[TimeControl "180+1"]
[Date "2021.09.21"]
[WhiteClock "0:00:20"]
[BlackClock "0:00:44"]

1. Nf3 Nf6 2. c4 e6 3. Nc3 c5 4. e4 Nc6 5. Be2 d5 6. exd5 exd5 7. d4 cxd4 8. Nxd4 dxc4 9. Nxc6 Qxd1+ 10. Nxd1 bxc6 11. Bxc4 Bd6 12. O-O O-O 13. Re1 Nd5 14. Bd2 Be6 15. Rc1 a5 16. Nc3 Rfb8 17. Na4 Bb4 18. Bxb4 axb4 19. Bb3 Nf4 20. Nc5 Bxb3 21. axb3 Ra2 22. g3 Nd5 23. Nd3 Ra6 24. Rc4 g6 25. Rec1 Rbb6 26. Ne5 Ra2 27. R1c2 Ne7 28. Nd3 Ra1+ 29. Kg2 Nd5 30. Ne5 Ne7 31. Nxc6 Nxc6 32. Rxc6 Rb7 33. Rc8+ Kg7 34. R8c7 Rxc7 35. Rxc7 Rb1 36. Rb7 Rxb2 37. Rxb4 h5 38. h4 Kf6 39. Rb7 Kg7 40. Kf3 Kf6 41. Ke3 Kg7 42. f3 Kf6 43. Kf4 Ke6 44. g4 hxg4 45. fxg4 Kf6 46. Rb6+ Kg7 47. h5 gxh5 48. gxh5 Rh2 49. Kg5 Rg2+ 50. Kf5 Rf2+ 51. Kg5 Rg2+ 52. Kf5 Rf2+ 53. Kg4 Rg2+ 54. Kf4 Rf2+ 55. Kg5 Rg2+ 1/2-1/2


[Site "https://www.chess.com"]

[Event "Titled Tuesday Blitz September 21 2021"]
[White "Dobrov, Vladimir"]
[Black "Ghimpu, Samuel-Timotei"]
[WhiteFideId "4136594"]
[BlackFideId "1238175"]
[WhiteElo "2614"]
[BlackElo "2012"]
[Result "1-0"]
[Round "05"]
[TimeControl "180+1"]
[Date "2021.09.21"]
[WhiteClock "0:00:01"]
[BlackClock "0:00:13"]

1. d4 Nf6 2. c4 g6 3. Nc3 d5 4. cxd5 Nxd5 5. e4 Nxc3 6. bxc3 Bg7 7. Nf3 c5 8. Rb1 O-O 9. Be2 cxd4 10. cxd4 Qa5+ 11. Qd2 Qxd2+ 12. Bxd2 e6 13. Be3 b6 14. Ne5 Bb7 15. f3 Nc6 16. Nxc6 Bxc6 17. Rc1 Bb7 18. Rc7 Rab8 19. Kf2 Rfd8 20. Rd1 Bf8 21. e5 Bd5 22. a4 Bb3 23. Ra1 a5 24. Bb5 Bd5 25. h4 h6 26. g4 Kg7 27. h5 g5 28. f4 gxf4 29. Bxf4 Rb7 30. Rac1 Ba3 31. R1c2 Be4 32. Rxb7 Bxc2 33. Be3 Bb2 34. Rd7 Rc8 35. Rd6 Be4 36. Rxb6 Rc2+ 37. Kg3 Bd5 38. Bf1 Bc3 39. Kf4 Bb4 40. Rb5 Ra2 41. g5 hxg5+ 42. Kxg5 Rxa4 43. h6+ Kh7 44. Bd3+ Kg8 45. Rb8+ Bf8 46. h7+ Kg7 47. Rxf8 1-0


[Site "https://www.chess.com"]

[Event "Titled Tuesday Blitz September 21 2021"]
[White "Dudzinski, Pawel"]
[Black "Djordjevic, Vuk"]
[WhiteFideId "1117890"]
[BlackFideId "902098"]
[WhiteElo "2193"]
[BlackElo "2463"]
[Result "0-1"]
[Round "05"]
[TimeControl "180+1"]
[Date "2021.09.21"]
[WhiteClock "0:00:08"]
[BlackClock "0:01:24"]

1. e4 d5 2. exd5 Qxd5 3. Nc3 Qd6 4. d4 Nf6 5. Nge2 c6 6. Bf4 Qd8 7. Ng3 g6 8. Bc4 Bg7 9. O-O Nbd7 10. Bb3 Nb6 11. Re1 O-O 12. Qd2 Nfd5 13. Nxd5 Nxd5 14. Bh6 Qd6 15. Bxg7 Kxg7 16. Bxd5 cxd5 17. Qe3 e6 18. Qe5+ Qxe5 19. dxe5 b5 20. c3 a5 21. a3 Bd7 22. Ne2 Rfc8 23. Nd4 Rc4 24. Re3 Rac8 25. Nc2 b4 26. axb4 axb4 27. Nxb4 d4 28. Rd3 dxc3 29. bxc3 Bb5 30. Re3 Rxc3 31. Rxc3 Rxc3 32. Re1 g5 33. h3 h5 34. Re3 Rc1+ 35. Kh2 Kg6 36. g4 hxg4 37. hxg4 Rc4 38. Nd3 Rxg4 39. Nc5 Bc6 40. f3 Rc4 41. Nd3 Kf5 42. Kg3 Rc3 43. Kf2 Bb5 44. Ne1 Rxe3 45. Kxe3 Kxe5 46. Ng2 Kf5 47. f4 Bc6 48. Ne1 gxf4+ 49. Kf2 e5 0-1


[Site "https://www.chess.com"]

[Event "Titled Tuesday Blitz September 21 2021"]
[White "Erdogmus, Yagiz Kaan"]
[Black "Tristan, Leonardo"]
[WhiteFideId "44599790"]
[BlackFideId "113816"]
[WhiteElo "1783"]
[BlackElo "2404"]
[Result "0-1"]
[Round "05"]
[TimeControl "180+1"]
[Date "2021.09.21"]
[WhiteClock "0:00:19"]
[BlackClock "0:01:37"]

1. e4 d5 2. exd5 Qxd5 3. Nc3 Qa5 4. Bc4 Nf6 5. Qe2 Nc6 6. Nf3 Bg4 7. Bb5 Bd7 8. d4 a6 9. Bc4 Bg4 10. Be3 e6 11. d5 Bb4 12. dxc6 Bxc3+ 13. Kf1 b5 14. Bd3 Bxb2 15. Bd2 Bc3 16. Bxc3 Qxc3 17. Qe5 Qxc6 18. Nd4 Qc3 19. Rb1 Rd8 20. Nf3 Rxd3 0-1


[Site "https://www.chess.com"]

[Event "Titled Tuesday Blitz September 21 2021"]
[White "Erzhanov, Arman"]
[Black "AleksanderHnydiuk"]
[WhiteFideId "4138821"]
[WhiteElo "2175"]
[BlackElo "2586"]
[Result "0-1"]
[Round "05"]
[TimeControl "180+1"]
[Date "2021.09.21"]
[WhiteClock "0:00:03"]
[BlackClock "0:00:58"]

1. e4 Nf6 2. Nc3 d5 3. e5 d4 4. exf6 dxc3 5. fxg7 cxd2+ 6. Qxd2 Qxd2+ 7. Bxd2 Bxg7 8. O-O-O Be6 9. Ne2 Nc6 10. Bc3 Bxc3 11. Nxc3 a6 12. Be2 Rd8 13. Bf3 O-O 14. Bxc6 bxc6 15. Rxd8 Rxd8 16. Rd1 Rd6 17. Rd3 Bf5 18. Rg3+ Kf8 19. Rf3 Bg6 20. Re3 Ke8 21. Ne4 Rd4 22. Nc5 Rc4 23. Nd3 f6 24. b3 Rh4 25. h3 a5 26. a4 Rd4 27. Kd2 Kd7 28. Kc3 Rd5 29. Nf4 Rc5+ 30. Kd4 Rxc2 31. Nxg6 hxg6 32. Rd3 e5+ 33. Ke3+ Ke7 34. h4 c5 35. g4 c4 36. Rd5 cxb3 37. Rxa5 c5 38. Rb5 c4 39. Rb4 b2 40. a5 c3 41. a6 Rc1 42. a7 Ra1 43. Kd3 Rxa7 44. Kxc3 Ra3+ 45. Kxb2 Rf3 46. Kc2 Rxf2+ 47. Kd3 Rh2 48. g5 f5 49. Rb7+ Ke6 50. Rb6+ Kd5 51. Rxg6 Rxh4 52. Rf6 Rh3+ 53. Ke2 Ke4 54. g6 Rg3 55. Kf2 f4 56. Re6 Kf5 57. Rc6 Rxg6 58. Rc8 Ra6 59. Rf8+ Ke4 60. Rb8 Ra2+ 61. Ke1 Kf3 62. Rb3+ Kg4 63. Rb8 e4 64. Rg8+ Kf3 65. Rb8 Ra1+ 66. Kd2 e3+ 67. Kd3 Rd1+ 68. Kc2 e2 69. Rb3+ Kf2 0-1


[Site "https://www.chess.com"]

[Event "Titled Tuesday Blitz September 21 2021"]
[White "Federzoni, Enzo"]
[Black "Mischuk, Dmitry"]
[WhiteFideId "2173301"]
[BlackFideId "14118734"]
[WhiteElo "1956"]
[BlackElo "2369"]
[Result "1-0"]
[Round "05"]
[TimeControl "180+1"]
[Date "2021.09.21"]
[WhiteClock "0:00:21"]
[BlackClock "0:00:20"]

1. c4 Nf6 2. Nc3 Nc6 3. g3 g6 4. Bg2 Bg7 5. Nf3 O-O 6. O-O d5 7. cxd5 Nxd5 8. Nxd5 Qxd5 9. d3 e5 10. a3 Qd6 11. Be3 b6 12. Qc2 Bb7 13. Rac1 Rac8 14. Rfd1 Ne7 15. Nd2 Bxg2 16. Kxg2 c5 17. Ne4 Qc6 18. Kg1 f5 19. Qc4+ Kh8 20. Ng5 Nd5 21. b4 f4 22. Bd2 h6 23. Ne4 Qe6 24. Nc3 Rcd8 25. Nxd5 Rxd5 26. bxc5 bxc5 27. Rb1 Qd7 28. Bc3 h5 29. Qe4 Rf5 30. Rb2 h4 31. Rdb1 hxg3 32. hxg3 Rg5 33. Kg2 Rh5 34. Rh1 Rxh1 35. Kxh1 Qe6 36. Kg2 Kh7 37. Rb7 Rd7 38. Rxd7 Qxd7 39. Bxe5 Bxe5 40. Qxe5 fxg3 41. Qxg3 Qc6+ 42. Qf3 Qd7 43. Qh3+ Qxh3+ 44. Kxh3 Kg7 45. Kg4 Kf6 46. Kf4 Ke6 47. Ke4 g5 48. d4 c4 49. d5+ Kd6 50. Kd4 g4 51. Kxc4 a6 52. Kd4 a5 53. e4 a4 54. e5+ Kd7 55. Ke4 g3 56. fxg3 Ke7 57. g4 Kd8 58. g5 Ke8 59. e6 Kd8 60. Ke5 Ke8 61. g6 Ke7 62. g7 Kd8 63. g8=Q+ Kc7 64. Qf7+ Kb6 65. e7 Kc5 66. Qf2+ Kc4 67. Qc2+ Kb5 68. e8=Q+ Ka6 69. Qa8+ Kb6 70. Qb8+ Ka6 71. Qxa4# 1-0


[Site "https://www.chess.com"]